 Dungeon Crawl Stone Soup version 0.25-a0-890-g62861fb (webtiles) character file.

Game seed: 16937053093032252642, levelgen mode: deterministic

7396 Faca the Frost Mage (level 10, -4/90 HPs)
             Began as a Demigod Ice Elementalist on May 7, 2020.
             Slain by a two-headed ogre
             ... wielding a cursed +0 giant club
              (12 damage)
             ... on level 8 of the Dungeon.
             The game lasted 00:25:36 (13182 turns).

Faca the Frost Mage (Demigod Ice Elementalist)     Turns: 13182, Time: 00:25:36

Health: -4/90      AC:  9    Str: 20    XL:     10   Next: 61%
Magic:  26/26      EV: 10    Int: 23    God:
Gold:   595        SH:  3    Dex: 16    Spells: 20/24 levels left

rFire    . . .     SeeInvis .   m - +2 flail (vorpal)
rCold    . . .     Gourm    .   A - +0 buckler
rNeg     . . .     Faith    .   f - +1 ring mail of Gadinew {Str+7}
rPois    .         Spirit   .   (no helmet)
rElec    .         Reflect  .   n - +0 cloak
rCorr    .         Harm     .   (no gloves)
MR       +....                  k - +1 pair of boots
Stlth    ++........             (no amulet)
HPRegen  0.25/turn              a - ring of stealth
MPRegen  0.20/turn              (no ring)

@: no status effects
A: high mp 1
a: no special abilities


You were on level 8 of the Dungeon.
You were near starving.

You visited 1 branch of the dungeon, and saw 10 of its levels.

You collected 595 gold pieces.

Inventory:

Hand Weapons
 m - a +2 vorpal flail (weapon)
 x - a +2 hunting sling of flaming
Missiles
 l - 11 boomerangs (quivered)
 y - 65 sling bullets
 C - 2 throwing nets
Armour
 f - the +1 ring mail of Gadinew (worn) {Str+7}
   (You found it on level 4 of the Dungeon)

   It affects your strength (+7).
 k - a +1 pair of boots (worn)
 n - a +0 cloak (worn)
 A - a +0 buckler (worn)
Jewellery
 a - a ring of stealth (left hand)
Wands
 q - a wand of paralysis (7)
 w - a wand of acid (8)
Scrolls
 e - 6 scrolls of teleportation
 g - a scroll of enchant weapon
 h - 2 scrolls of fog
 r - 2 scrolls of enchant armour
 v - a scroll of magic mapping
 z - 2 scrolls of remove curse
 B - a scroll of immolation
Potions
 b - 2 potions of might {unknown}
 d - 2 potions of curing
 i - a potion of lignification
 j - 2 potions of ambrosia
 p - a potion of flight
 s - a potion of berserk rage {unknown}
 t - 3 potions of magic {unknown}
 u - a potion of degeneration {unknown}
Comestibles
 c - 22 rations


   Skills:
 + Level 8.4 Fighting
 + Level 5.0 Maces & Flails
 - Level 1.7 Dodging
 - Level 1.7 Stealth
 + Level 7.9 Spellcasting
 + Level 9.3 Ice Magic


You had 20 spell levels left.
You knew the following spells:

 Your Spells              Type           Power        Failure   Level  Hunger
a - Freeze                Ice            ####         1%          1    None
b - Frozen Ramparts       Ice            ######       1%          3    None

Your spell library contained the following spells:

 Spells                   Type           Power        Failure   Level  Hunger
 Ozocubu's Armour         Chrm/Ice       ####....     9%          3    None
 Hailstorm                Conj/Ice       ####....     30%         4    ###....
 Summon Ice Beast         Ice/Summ       ####....     30%         4    ###....


Dungeon Overview and Level Annotations

Branches:
Dungeon (10/15)            Temple (0/1) D:5            Lair (0/6) D:9
    Orc: D:9-12

Shops:
D:9 *


Innate Abilities, Weirdness & Mutations

You have an increased reservoir of magic. (+10% MP)


Message History

The two-headed ogre closely misses you.
Evoke which item? (* to show all) (? for menu, Esc to quit)
Aiming: Paralyse
Press: ? - help, Shift-Dir - straight line, f/p - two-headed ogre
Aim: a two-headed ogre, wielding a +0 giant club and a +0 giant spiked club (moderately wounded, chance to defeat MR: 28%)
The two-headed ogre easily resists.
You are near starving!
Found a stone staircase leading up.
A crimson imp comes into view.
Found a shattered altar of Ashenzari.
There is a stone staircase leading up here.
The crimson imp shouts!
The two-headed ogre hits you with a cursed +0 giant club!!
The two-headed ogre hits you with a +0 giant spiked club.
You climb upwards.
There is a stone staircase leading down here.
The two-headed ogre hits you with a cursed +0 giant club!!
* * * LOW HITPOINT WARNING * * *
The two-headed ogre hits you with a +0 giant spiked club!
You die...

# #...._#####.....#####.....# #
#.##### #........##.####### # #.#
#......[........... # #.#
#.....##.#........[ # #.#
#.....##†########## # #.#
#.....##[#......### # #.#
#.#>...)((........# # #.#
#####..O............#.#
#####.#####.....@##############.#
..........'......'...(.......##..
####...####......###########.###.
#...# ######## #.# #. #...# #.#
## #...# #.# # #...# #.# # #...#
#.# #...# #.#


You could see a two-headed ogre.

Vanquished Creatures
  Harold (D:8)
  A two-headed ogre (D:8)
  An oklob plant (D:7)
  Joseph (D:10)
  A centaur zombie (D:10)
  The ghost of LufLufFighter the Ruffian, a novice DrTm (D:7)
  A troll (D:10)
  2 hippogriffs (D:10)
  3 yaks (D:9)
  2 steam dragons
  Edmund (D:5)
  A water moccasin (D:9)
  Duvessa (D:4)
  2 sky beasts
  An ice beast (D:8)
  2 phantoms (D:8)
  2 orc warriors (D:8)
  A centaur (D:6)
  3 ogres
  2 big kobolds
  4 bullfrogs
  Dowan (D:4)
  A scorpion (D:4)
  5 killer bees (D:9)
  A crimson imp (D:8)
  A quasit (D:8)
  4 jellies
  2 hounds
  7 orc priests
  14 orc wizards
  3 iguanas
  Terence (D:2)
  6 worker ants
  2 hound skeletons
  7 gnolls
  14 adders
  6 oozes
  3 adder skeletons
  2 worms
  A dart slug (D:3)
  5 leopard geckos
  36 orcs
  A ball python (D:3)
  4 bats
  5 giant cockroaches
  6 goblins
  5 hobgoblins
  10 jackals
  5 quokkas
  12 frilled lizards
  25 kobolds
  A leopard gecko zombie (D:4)
  A quokka skeleton (D:4)
  8 rats
239 creatures vanquished.

Notes
Turn   | Place    | Note
-------+----------+-------------------------------------------
     0 | D:1      | Faca the Demigod Ice Elementalist began the quest for the
                  | Orb.
     0 | D:1      | Reached XP level 1. HP: 14/14 MP: 5/5
   252 | D:1      | Reached XP level 2. HP: 14/22 MP: 0/7
   494 | D:1      | Reached skill level 1 in Fighting
   991 | D:1      | Reached skill level 4 in Ice Magic
   991 | D:1      | Reached XP level 3. HP: 20/28 MP: 3/9
  1882 | D:2      | Learned a level 3 spell: Frozen Ramparts
  1892 | D:2      | Noticed Terence
  1972 | D:2      | Killed Terence
  1994 | D:2      | Reached XP level 4. HP: 23/36 MP: 5/10
  2155 | D:2      | Found a faded altar of an unknown god.
  2444 | D:2      | You fall into a shaft and drop 1 floor!
  2953 | D:3      | Reached XP level 5. HP: 23/42 MP: 9/12
  4383 | D:3      | Found a glowing silver altar of Zin.
  4465 | D:3      | Reached XP level 6. HP: 45/51 MP: 7/14
  4467 | D:3      | Reached skill level 5 in Ice Magic
  5070 | D:4      | Got a smoking ring mail
  5187 | D:4      | Identified the +1 ring mail of Gadinew {Str+7} (You found
                  | it on level 4 of the Dungeon)
  5282 | D:4      | Noticed Duvessa
  5283 | D:4      | Noticed Dowan
  5293 | D:4      | Killed Duvessa
  5294 | D:4      | Killed Dowan
  5294 | D:4      | Reached XP level 7. HP: 12/58 MP: 12/16
  6079 | D:5      | Entered Level 5 of the Dungeon
  6119 | D:5      | Noticed Edmund
  6132 | D:5      | Killed Edmund
  6132 | D:5      | Reached skill level 6 in Ice Magic
  6663 | D:5      | Found a staircase to the Ecumenical Temple.
  7665 | D:6      | Reached skill level 5 in Spellcasting
  7665 | D:6      | Reached XP level 8. HP: 67/67 MP: 19/19
  7962 | D:6      | Reached skill level 5 in Fighting
  8247 | D:7      | Found a hazy altar of Hepliaklqana.
  8247 | D:7      | Noticed an oklob plant
  8476 | D:7      | Identified the +1 plate armour of Knowledge {rPois}
  8770 | D:7      | Found a large runed translucent door.
  8770 | D:7      | Found a large runed translucent door.
  8771 | D:7      | Noticed LufLufFighter's ghost (novice DrTm)
  8964 | D:7      | Reached skill level 7 in Ice Magic
  9229 | D:7      | You fall into a shaft and drop 3 floors!
  9229 | D:10     | Entered Level 10 of the Dungeon
  9289 | D:10     | Noticed a hippogriff
  9295 | D:10     | Killed a hippogriff
  9353 | D:10     | Noticed a hippogriff
  9361 | D:10     | Killed a hippogriff
  9361 | D:10     | Reached XP level 9. HP: 70/78 MP: 17/22
  9428 | D:10     | Noticed Joseph
  9451 | D:10     | Killed Joseph
  9451 | D:10     | Reached skill level 1 in Maces & Flails
 10043 | D:10     | Reached skill level 8 in Ice Magic
 10127 | D:9      | Found Inujo Jiu's Assorted Antiques.
 10182 | D:9      | Noticed a two-headed ogre
 10575 | D:8      | Found an iron altar of Okawaru.
 10732 | D:8      | Reached XP level 10. HP: 86/86 MP: 20/24
 11043 | D:8      | Found a hide-covered altar of Uskayaw.
 11043 | D:8      | Noticed Harold
 11056 | D:8      | Killed Harold
 11792 | D:7      | Killed LufLufFighter's ghost
 11894 | D:7      | Killed an oklob plant
 11894 | D:7      | Reached skill level 9 in Ice Magic
 12103 | D:8      | Noticed a two-headed ogre
 12111 | D:8      | Killed a two-headed ogre
 12659 | D:9      | Found a staircase to the Lair.
 12708 | D:9      | Reached skill level 5 in Maces & Flails
 13178 | D:9      | Found a shattered altar of Ashenzari.
 13182 | D:8      | Slain by a two-headed ogre

Levels and vault maps discovered:
D:1:      roderic_crop_circles_arrival_small, layout_loops_corners, st_stairs_2
D:2:      layout_basic, chequers_ecumenical_altar_island, minmay_tetromino_t4,
          uniq_terence
D:3:      layout_loops_cross, marbit_many_paths, minmay_bisected
D:4:      layout_basic, hangedman_abyss_or_decor_lesser_grid, uniq_duvessa
D:5:      layout_basic, temple_green, serial_corexii_hall,
          chequers_hall_statues_wall_a, chequers_hall_statues_y, first_ration,
          uniq_edmund
D:6:      layout_loops_ring, grunt_tough_drop
D:7:      layout_layer_cave, ebering_ghost_disaster_area, lemuel_oklob_altar
D:8:      layout_basic, overflow_temple_1_default,
          hangedman_little_slice_of_home, okawaru_gym_becter, uniq_harold
D:9:      layout_cave_pools, lair_entry_dummy, serial_shops,
          nicolae_shop_statue_plus, cheibrodos_ashenzari_chains
D:10:     minmay_the_grid_plus [minmay_the_grid_armoury, minmay_the_grid_spikes,
          minmay_the_grid_minigrid_large, minmay_the_grid_aliased_spiral,
          minmay_the_grid_prize_diamond_cup], layout_small_grid, uniq_joseph

Skill      XL: |  1  2  3  4  5  6  7  8  9 10 |
---------------+-------------------------------+-----
Spellcasting   | 2 3 4 5 6 7 |  7.9
Fighting       | 1 2 3 4 6 7 8 |  8.4
Ice Magic      | 4 5 6 7 8 9 |  9.3
Maces & Flails | 3 5 |  5.0
Dodging        | |  1.7
Stealth        | |  1.7

Action                   |  1- 3 |  4- 6 |  7- 9 | 10-12 || total
-------------------------+-------+-------+-------+-------++-------
Melee: Unarmed           |    16 |       |       |       ||    16
       Short sword       |    28 |       |       |       ||    28
       Whip              |    46 |   159 |       |       ||   205
       Dagger            |       |       |   210 |       ||   210
       Flail             |       |       |    91 |    89 ||   180
Throw: Boomerang         |       |       |     3 |     3 ||     6
 Cast: Freeze            |    36 |    41 |     9 |     3 ||    89
       Frozen Ramparts   |       |     8 |    18 |     8 ||    34
Evoke: Wand              |       |       |       |     1 ||     1
  Use: Scroll            |     1 |     6 |     6 |     4 ||    17
       Potion            |       |       |     3 |       ||     3
 Stab: Sleeping          |     3 |     1 |     8 |     3 ||    15
       Distracted        |       |     2 |     1 |       ||     3
  Eat: Chunk             |     1 |     7 |    14 |     3 ||    25
       Ration            |     1 |     1 |     1 |     1 ||     4
Armor: Robe              |    13 |    40 |       |       ||    53
       Leather armour    |       |     8 |       |       ||     8
       Ring mail         |       |     8 |   146 |    41 ||   195
Dodge: Dodged            |    76 |    96 |   193 |    56 ||   421
Block: Buckler           |       |       |       |    12 ||    12

Table legend:
 A = Non-vault XP
 B = Vault XP
 C = Vault XP percentage of total XP
 D = Non-vault monster count
 E = Vault monster count
 F = Vault count percentage of total count
                 A         B        C        D         E       F
            +---------+---------+-------+---------+---------+-------
      Total |    6983 |    3584 |  33.9 |     210 |      29 |  12.1
            +---------+---------+-------+---------+---------+-------
        D:1 |      66 |       4 |   5.7 |      31 |       3 |   8.8
        D:2 |      59 |      40 |  40.4 |       6 |       3 |  33.3
        D:3 |     318 |      19 |   5.6 |      43 |       4 |   8.5
        D:4 |     298 |     220 |  42.5 |      17 |       2 |  10.5
        D:5 |     294 |     157 |  34.8 |      19 |       1 |   5.0
        D:6 |     236 |     207 |  46.7 |       6 |       3 |  33.3
        D:7 |     488 |     994 |  67.1 |      19 |       2 |   9.5
        D:8 |    2593 |    1145 |  30.6 |      42 |       9 |  17.6
        D:9 |    1203 |       0 |   0.0 |      15 |       0 |   0.0
       D:10 |    1428 |     798 |  35.8 |      12 |       2 |  14.3
            +---------+---------+-------+---------+---------+-------
